 Dungeon Crawl Stone Soup version 0.30.1-3-gfc49f6343a (webtiles) character file.

Game seed: 1990341228838064090

108 KyoPewz the Cudgeller (level 4, 0/44 HPs)
             Began as an Ogre Gladiator on July 30, 2023.
             Slain by Edmund
             ... wielding a +1 dire flail of protection
              (9 damage)
             ... on level 3 of the Dungeon.
             The game lasted 00:06:53 (2890 turns).

KyoPewz the Cudgeller (Ogre Gladiator)              Turns: 2890, Time: 00:06:54

Health: 0/44       AC:  3    Str: 20    XL:     4   Next: 87%
Magic:  0/4        EV: 10    Int:  9    God:
Gold:   81         SH:  0    Dex: 10    Spells: 3/3 levels left

rFire   + . .        a - +0 flail
rCold   x . .        (no shield)
rNeg    . . .        b - +0 robe
rPois   .            c - +0 hat
rElec   .            (no cloak)
rCorr   .            (gloves unavailable)
SInv    .            (boots unavailable)
Will    .....        w - amulet of guardian spirit
Stlth   +            j - ring of wizardry
HPRegen 0.27/turn    o - ring of fire
MPRegen 0.09/turn

%: guardian spirit, wizardry (x1)
@: no status effects
A: large, unfitting armour, tough skin 1
a: no special abilities


You were on level 3 of the Dungeon.
You visited 1 branch of the dungeon, and saw 4 of its levels.

You collected 81 gold pieces.

Inventory:

Hand Weapons
 a - a +0 flail (weapon)
Missiles
 d - 2 throwing nets (quivered)
 l - 3 stones
 x - 5 poisoned darts
Armour
 b - a +0 robe (worn)
 c - a +0 hat (worn)
 e - a scarf of repulsion
 u - a scarf of repulsion
 v - a +1 hat
Jewellery
 j - a ring of wizardry (left hand)
 o - a ring of fire (right hand)
 w - an amulet of guardian spirit (around neck)
Wands
 s - a wand of flame (9)
Scrolls
 f - a scroll of acquirement {unknown}
 k - a scroll of enchant weapon {unknown}
 p - 2 scrolls of identify {unknown}
 r - a scroll of brand weapon {unknown}
 t - 2 scrolls of amnesia {unknown}
 y - a scroll of magic mapping {unknown}
 A - a scroll of fog {unknown}
Potions
 g - 2 potions of might {unknown}
 h - a potion of heal wounds {unknown}
 i - 2 potions of ambrosia {unknown}
 m - a potion of brilliance {unknown}
 n - a potion of curing {unknown}
 q - a potion of resistance {unknown}
 z - 2 potions of flight {unknown}


   Skills:
 - Level 2.6 Fighting
 * Level 4.3 Maces & Flails
 + Level 3.1 Throwing
 - Level 2.6 Dodging


You had 3 spell levels left.
You didn't know any spells.
Your spell library contained the following spells:

 Spells                   Type           Power      Damage    Failure   Level
 Kiss of Death            Conj/Necr      0%         2d5       16%         1
 Sting                    Tmut/Pois      0%         1d3       16%         1
 Ensorcelled Hibernation  Hex/Ice        0%         N/A       24%         2
 Passwall                 Tmut/Erth      0%         N/A       24%         2
 Confusing Touch          Hex            0%         N/A       43%         3
 Swiftness                Air            0%         N/A       43%         3
 Dispel Undead            Necr           0%         3d6       82%         4


Dungeon Overview and Level Annotations

Branches:
Dungeon (4/15)
 Temple: D:4-7

Altars:
Ashenzari
Trog

Annotations:
D:3 Edmund


Innate Abilities, Weirdness & Mutations

You are too large for most types of armour.
You have tough skin. (AC +1)


Message History

Edmund hits you with a +1 dire flail of protection.
You take 4 damage, and have 19/44 hp.
You barely miss Edmund. Your punch misses Edmund.
Edmund is heavily wounded.
Edmund barely misses you.
You hit Edmund.
Edmund is heavily wounded.
Edmund hits you with a +1 dire flail of protection!
* * * LOW HITPOINT WARNING * * *
Edmund hits you with a +1 dire flail of protection!
* * * LOW HITPOINT WARNING * * *
You take 12 damage, and have 7/44 hp.
MASSIVE DAMAGE!!
You now have 0/4 mp.
Throw: 3 throwing nets
Press: ? - help, Shift-Dir - straight line, f/p - Edmund
Aim: Edmund, wielding a +1 dire flail of protection and wearing a +0 chain mail (heavily wounded, very poisoned, 65% to hit)
You throw a throwing net. The throwing net hits Edmund.
Edmund is caught in the net!
Edmund is heavily wounded.
Edmund struggles against the net.
You hit Edmund but do no damage.
Edmund is heavily wounded.
Edmund struggles against the net.
You hit Edmund but do no damage.
Edmund is heavily wounded.
Edmund struggles against the net.
You hit Edmund.
Edmund is severely wounded.
Edmund struggles against the net.
You hit Edmund but do no damage.
Edmund is severely wounded.
Edmund struggles against the net.
You hit Edmund but do no damage.
Edmund is severely wounded.
Edmund struggles against the net.
The net rips apart, and Edmund comes free!
You closely miss Edmund.
Edmund is severely wounded.
Edmund misses you.
Edmund hits you with a +1 dire flail of protection!
You die...

#..........................#.#
###############.#######.##.#.#
#....# #....#..
#.###############..
#..................
#..#############..# #..# ##.#.
#@.# #..#. #.@# #.... #..#
#.... #..# ##.... #..# #.....
#..# #.....
#..###########.....
#............#.....
##.#########.#..... #.#
#.#.#'##


You could see Edmund (poisoned).

Vanquished Creatures
  An adder (D:3)
  3 gnolls
  2 worms
  4 dart slugs
  2 orcs (D:3)
  7 endoplasms
  3 giant cockroaches
  5 hobgoblins
  4 jackals (D:2)
  2 kobolds
  2 quokkas
  5 ball pythons
  2 bats
  2 frilled lizards
  5 goblins
  5 rats
54 creatures vanquished.

Notes
Turn   | Place    | Note
-------+----------+-------------------------------------------
     0 | D:1      | KyoPewz the Ogre Gladiator began the quest for the Orb.
     0 | D:1      | Reached XP level 1. HP: 22/22 MP: 1/1
   185 | D:1      | Reached skill level 3 in Maces & Flails
   223 | D:1      | Reached XP level 2. HP: 26/29 MP: 2/2
   715 | D:2      | Reached XP level 3. HP: 29/36 MP: 3/3
  1353 | D:3      | Found a faded altar of an unknown god.
  1378 | D:3      | Saving game... please wait.
  1378 | D:3      | Saving game... please wait.
  1386 | D:3      | Got Plato's Precepts of Transfiguration
  1495 | D:2      | Reached XP level 4. HP: 6/44 MP: 0/4
  1870 | D:3      | Reached skill level 4 in Maces & Flails
  2765 | D:4      | Found a broken altar of Ashenzari.
  2765 | D:4      | Found a bloodstained altar of Trog.
  2868 | D:4      | Noticed Edmund
  2890 | D:3      | Slain by Edmund

Illustrated notes

Levels and vault maps discovered:
D:1:      psy_arrival_spokes, layout_rooms
D:2:      layout_loops_cross, serial_bayou_pond_e
D:3:      layout_basic, shapermc_ecumenical_altar_rom_forum
D:4:      layout_loops_ring, eat_drink_and_be_merry_uskayaw,
          gammafunk_temple_overflow_statue, gammafunk_temple_overflow_pools,
          lightli_minifort, uniq_grinder, uniq_sigmund, uniq_edmund

Skill      XL: |  1  2  3  4 |
---------------+-------------+-----
Maces & Flails | 3 4 |  4.3
Throwing       | 3 |  3.1
Fighting       | |  2.6
Dodging        | |  2.6

Action                     |  1- 3 |  4- 6 || total
---------------------------+-------+-------++-------
  Melee: Flail             |   109 |    58 ||   167
  Throw: Large rock        |     1 |       ||     1
         Dart              |       |     6 ||     6
         Throwing net      |       |     1 ||     1
  Evoke: Wand              |     2 |       ||     2
   Stab: Sleeping          |       |     1 ||     1
 Armour: Robe              |    20 |    12 ||    32
  Dodge: Dodged            |    66 |    30 ||    96
